 Dungeon Crawl Stone Soup version 0.19-a0-261-g60b6c46 (webtiles) character file.

49 AlphabetPasta the Chucker (level 3, 0/18 HPs)
             Began as a Spriggan Hunter on May 26, 2016.
             Slain by a worm (11 damage)
             ... on level 2 of the Dungeon.
             The game lasted 00:05:16 (1506 turns).

AlphabetPasta the Chucker (Spriggan Hunter)         Turns: 1506, Time: 00:05:17

Health: 0/18       AC:  3    Str:  8    XL:     3   Next: 53%
Magic:  4/4        EV: 19    Int: 12    God:
Gold:   85         SH:  0    Dex: 17    Spells: 0 memorised, 2 levels left

rFire  . . .     SeeInvis +     a - +0 short sword
rCold  . . .     Gourm    .     b - +0 robe
rNeg   . . .     Faith    .     (shield restricted)
rPois  .         Spirit   .     (helmet restricted)
rElec  .         Dismiss  .     e - +0 cloak
rCorr  .         Reflect  .     (gloves unavailable)
SustAt .         Harm     .     (boots unavailable)
MR     .....                    (no amulet)
Stlth  +++.......               (no ring)
                                (no ring)

@: very quick, not resistant to hostile enchantments, fairly stealthy
A: unfitting armour, see invisible, herbivore 3, speed 3, slow metabolism 2
a: no special abilities


You were on level 2 of the Dungeon.
You were not hungry.

You visited 1 branch of the dungeon, and saw 2 of its levels.

You collected 85 gold pieces.

Inventory:

Hand Weapons
 a - a +0 short sword (weapon)
Missiles
 c - 10 tomahawks (quivered)
 d - 2 throwing nets
 h - 28 sling bullets
Armour
 b - a +0 robe (worn)
 e - a +0 cloak (worn)
Jewellery
 m - an uncursed amulet of dismissal {unknown}
Scrolls
 g - 2 scrolls of noise {unknown}
 i - 2 scrolls of enchant armour {unknown}
 k - a scroll of teleportation {unknown}
 n - a scroll of fog {unknown}
 p - 3 scrolls of identify {unknown}
Potions
 j - 2 potions of haste {unknown}
 o - a potion of lignification {unknown}
Comestibles
 f - 2 bread rations
 l - a slice of pizza


   Skills:
 + Level 2.1 Fighting
 * Level 1.4 Short Blades
 + Level 4.2 Throwing
 + Level 3.4 Dodging
 * Level 2.9 Stealth


You had 2 spell levels left.
You didn't know any spells.

Dungeon Overview and Level Annotations

Branches:
Dungeon (2/15)

Altars:
Zin


Innate Abilities, Weirdness & Mutations

You are tiny and cannot use many weapons and most armour.
You have supernaturally acute eyesight. (SInv)
You are a herbivore.
You cover ground extremely quickly.
You need consume almost no food.


Message History

You kill the giant newt!
j - 2 fizzy silvery potions (gained 1)
Found a meat ration.
A worm and a hobgoblin come into view.
The helpless worm fails to defend itself.
You puncture the worm!
The worm is heavily wounded.
You hit the worm but do no damage.
The worm is heavily wounded.
The worm bites you.
You hit the worm.
The worm is severely wounded.
You hit the worm.
The worm is almost dead.
The worm barely misses you.
You barely miss the worm.
The worm is almost dead.
The worm bites you!
Ouch! That really hurt!
You die...

###### .#.....## ........##
.........# .........#
......wg.#
.......@.###############
............#.....#.....
.....%...##.............
..........###...[.........
...).......#...(......<.. #
#..###.###...>.........†. #.#
#..# #.#####............†
#.###..###....##.............
#.......##.<..##.......).....


You could see a worm and a hobgoblin.

Vanquished Creatures
  An adder (D:2)
  A worm (D:2)
  A dart slug (D:1)
  2 giant geckos (D:1)
  A giant cockroach (D:2)
  4 goblins
  3 hobgoblins (D:2)
  4 jackals (D:2)
  4 bats
  3 giant newts (D:2)
  7 kobolds
  2 rats (D:1)
33 creatures vanquished.

Notes
Turn   | Place    | Note
--------------------------------------------------------------
     0 | D:1      | AlphabetPasta the Spriggan Hunter began the quest for the Orb.
     0 | D:1      | Reached XP level 1. HP: 10/10 MP: 2/2
   374 | D:1      | Reached XP level 2. HP: 15/15 MP: 3/3
   911 | D:2      | Reached skill level 1 in Short Blades
   949 | D:2      | Reached XP level 3. HP: 7/18 MP: 4/4
  1250 | D:2      | Found a glowing silver altar of Zin.
  1506 | D:2      | Slain by a worm

Vault maps used:
D:1:      lightli_arrival_flooded_house
D:2:      marbit_many_paths

Skill      XL: |  1  2  3 |
---------------+----------+-----
Stealth        | 2 |  2.9
Short Blades   | 1 |  1.4
Fighting       | 2 |  2.1
Throwing       | |  4.2
Dodging        | |  3.4

Action                   || total
-------------------------++-------
Melee: Short sword       ||    77
Throw: Tomahawk          ||    26
       Throwing net      ||     4
 Stab: Sleeping          ||     9
       Distracted        ||     1
Armor: Robe              ||    16
Dodge: Dodged            ||    45
